 Dungeon Crawl Stone Soup version 0.29-a0-284-gf9362112df (webtiles) character file.

Game seed: 17850588749319612765

159 Strat the Slasher (level 5, 0/41 HPs)
             Began as a Barachi Abyssal Knight on Mar 22, 2022.
             Was a Priest of Lugonu.
             Slain by a scorpion (2 damage)
             ... on level 4 of the Dungeon.
             The game lasted 00:04:54 (3020 turns).

Strat the Slasher (Barachi Abyssal Knight)          Turns: 3020, Time: 00:04:55

Health: 0/41       AC:  6    Str: 15    XL:     5   Next: 40%
Magic:  6/6        EV: 11    Int: 10    God:    Lugonu [***...]
Gold:   184        SH:  0    Dex: 16    Spells: 4/4 levels left

rFire   + . .      SeeInvis .   a - +1 falchion
rCold   . . .      Faith    .   (no shield)
rNeg    . . .      Spirit   .   d - +0 ring mail
rPois   .          Reflect  .   j - +0 helmet
rElec   .          Harm     .   (no cloak)
rCorr   .          Rampage  .   (no gloves)
Will    +....      Rage     1%  (no boots)
Stlth   +.........              (no amulet)
HPRegen 0.13/turn               l - ring of willpower
MPRegen 0.10/turn               (no ring)

@: mighty, lethally poisoned (0 -> -8), slow
A: amphibious, slowness 1, strong legs 1, +LOS, agile 1, berserk 1, fire
resistance 1, MP-powered wands
a: Hop, Renounce Religion, Depart the Abyss, Bend Space, Banish


You were on level 4 of the Dungeon.
You worshipped Lugonu.
Lugonu was most pleased with you.
You visited 1 branch of the dungeon, and saw 4 of its levels.
You visited the Abyss 1 time.

You collected 184 gold pieces.

Inventory:

Hand Weapons
 a - a +1 falchion (weapon)
 b - a +0 hunting sling
Missiles
 g - 7 poisoned darts
Armour
 d - a +0 ring mail (worn)
 j - a +0 helmet (worn)
 n - a +0 leather armour
Jewellery
 l - a ring of willpower (left hand)
Scrolls
 c - 2 scrolls of identify {unknown}
 f - 4 scrolls of noise {unknown}
 h - a scroll of immolation {unknown}
 k - a scroll of enchant weapon {unknown}
Potions
 i - a potion of mutation
 m - a potion of ambrosia {unknown}


   Skills:
 - Level 3.6 Fighting
 + Level 5.8 Long Blades
 - Level 2.4 Armour
 + Level 2.8 Dodging
 - Level 1.5 Invocations


You had 4 spell levels left.
You didn't know any spells.
Your spell library was empty.

Dungeon Overview and Level Annotations

Branches:
Dungeon (3/15)

Altars:
Yredelemnul

Annotations:
D:3 3 runed translucent doors, Cecur's ghost, amateur DsWz


Innate Abilities, Weirdness & Mutations

You are amphibious.
You cover ground slowly.
You can hop short distances.
You have an extended range of vision and can be seen from far away.
You are agile. (Dex +2)
You tend to lose your temper in combat.
Your flesh is heat resistant. (rF+)
You expend magic power (3 MP) to strengthen your wands.


Message History

You feel sick. The scorpion stings you.
* * * LOW HITPOINT WARNING * * *
You are more poisoned.
The scorpion poisons you!
You are too injured to fight recklessly!
You barely miss the scorpion.
The scorpion is moderately wounded.
You feel very sick. The scorpion misses you.
You slash the scorpion!
The scorpion is severely wounded.
You feel very sick. The scorpion stings you.
* * * LOW HITPOINT WARNING * * *
You are lethally poisoned!
The scorpion poisons you! The scorpion barely misses you.
You closely miss the scorpion.
The scorpion is severely wounded.
* * * LOW HITPOINT WARNING * * *
You feel very sick. The scorpion stings you.
* * * LOW HITPOINT WARNING * * *
You hit the scorpion.
The scorpion is severely wounded.
* * * LOW HITPOINT WARNING * * *
You feel very sick.
The scorpion stings you but does no damage.
Unknown command.
It was a potion of mutation.
You feel extremely strange.
You feel agile.
You feel a little pissed off.
You feel your magical essence link to the dungeon's wands.
You feel resistant to heat.
* * * LOW HITPOINT WARNING * * *
You feel very sick. The scorpion barely misses you.
It was a potion of might.
You feel very mighty all of a sudden.
* * * LOW HITPOINT WARNING * * *
You feel sick. The scorpion stings you.
You die...

################. #
#................
#########................
.........................
#########................
# #...†...@........ ..
#########s#.#.#.# ...#
..> .... .#.# #..#. .....
... .# #.# .. .. ... .#
#.# .. ..


You could see a scorpion.

Vanquished Creatures
  A necrophage (D:4)
  4 adders
  An adder zombie (D:3)
  3 worms
  2 dart slugs (D:2)
  An orc (D:4)
  2 bats
  2 endoplasms
  7 giant cockroaches
  3 goblins
  3 hobgoblins
  7 jackals
  A quokka (D:1)
  2 ball pythons
  2 frilled lizards (D:2)
  A giant cockroach zombie (D:3)
  A rat (D:2)
43 creatures vanquished.

Notes
Turn   | Place    | Note
-------+----------+-------------------------------------------
     0 | Abyss:1  | Strat the Barachi Abyssal Knight began the quest for the
                  | Orb.
     0 | Abyss:1  | Reached XP level 1. HP: 18/18 MP: 2/2
    56 | Abyss:1  | Found a corrupted altar of Lugonu.
    72 | D:1      | Escaped the Abyss
   692 | D:1      | Reached skill level 3 in Long Blades
   753 | D:1      | Reached XP level 2. HP: 21/24 MP: 3/3
  1211 | D:2      | Found a faded altar of an unknown god.
  1264 | D:2      | Reached skill level 4 in Long Blades
  1297 | D:2      | Reached XP level 3. HP: 26/29 MP: 4/4
  1656 | D:2      | Reached skill level 5 in Long Blades
  1656 | D:2      | Reached XP level 4. HP: 24/36 MP: 5/5
  1941 | D:2      | Reached *** piety under Lugonu
  2570 | D:3      | Found a runed translucent gate.
  2570 | D:3      | Found a runed translucent gate.
  2570 | D:3      | Found a runed translucent gate.
  2570 | D:3      | Noticed Cecur's ghost (amateur DsWz)
  2583 | D:3      | Found a basalt altar of Yredelemnul.
  2757 | D:3      | You fall into a shaft and drop 1 floor!
  2824 | D:4      | Noticed a necrophage
  2844 | D:4      | Killed a necrophage
  2845 | D:4      | Reached XP level 5. HP: 20/41 MP: 6/6
  3019 | D:4      | Gained mutation: You are agile. (Dex +2) [potion of
                  | mutation]
  3019 | D:4      | Gained mutation: You tend to lose your temper in combat.
                  | [potion of mutation]
  3019 | D:4      | Gained mutation: You expend magic power (3 MP) to
                  | strengthen your wands. [potion of mutation]
  3019 | D:4      | Gained mutation: Your flesh is heat resistant. (rF+)
                  | [potion of mutation]
  3020 | D:4      | HP: 2/41 [poisoned by a scorpion]
  3020 | D:4      | Slain by a scorpion

Illustrated notes

Levels and vault maps discovered:
D:1:      tarquinn_simple_flora_water_f, layout_loops_cross
D:2:      layout_basic, ebering_ecumenical_altar_abandoned,
          dreamdust_princess_bridge
D:3:      minmay_wonky_spiral, layout_basic, nicolae_yredelemnul_ghost_church
D:4:      layout_basic, minmay_temple_entry_offerings, minmay_parallelograms,
          st_stairs_9, skrybe_limestone_x, hangedman_decor_opposing

Skill      XL: |  1  2  3  4 |
---------------+-------------+-----
Long Blades    | 3 4 5 |  5.8
Dodging        | 2 |  2.8
Fighting       | |  3.6
Armour         | |  2.4
Invocations    | |  1.5

Action                   |  1- 3 |  4- 6 || total
-------------------------+-------+-------++-------
Melee: Falchion          |   103 |    89 ||   192
       Punch             |     1 |       ||     1
 Fire: Hunting sling     |       |    27 ||    27
 Abil: Hop               |       |     1 ||     1
  Use: Potion            |       |     2 ||     2
Armor: Ring mail         |    48 |    46 ||    94
Dodge: Dodged            |    69 |    56 ||   125

Table legend: (Time is in decaauts)
 A = Elapsed time spent in this place.
 B = Non-inter-level travel time spent in this place.
 C = Inter-level travel time spent in this place.
 D = Time resting spent in this place.
 E = Time spent auto-exploring this place.
 F = Levels seen in this place.
 G = Mean time per level.
                   A        B        C        D        E       F      G
               +--------+--------+--------+--------+--------+-----+--------+
         Total |   3408 |   2992 |    416 |    271 |   2020 |   5 |  681.6 |
       Dungeon |   3322 |   2906 |    416 |    271 |   2020 |   4 |  830.5 |
         Abyss |     86 |     86 |      0 |      0 |      0 |   1 |   86.0 |
               +--------+--------+--------+--------+--------+-----+--------+

Top non-repeatable levels by time:
     D:1: 1298 daAuts
     D:2: 1253 daAuts
     D:3: 491 daAuts
     D:4: 279 daAuts
 Abyss:1: 86 daAuts
